 Dungeon Crawl Stone Soup version 0.27-a0-577-ge2a43ba0c9 (webtiles) character file.

Game seed: 2878200002908256960

119 sanka the Changer (level 4, 0/32 HPs)
             Began as a Vampire Transmuter on Mar 9, 2021.
             Slain by a goblin
             ... wielding a +0 dagger
             ... led by Robin
              (6 damage)
             ... on level 3 of the Dungeon.
             The game lasted 00:05:45 (2731 turns).

sanka the Changer (Vampire Transmuter)              Turns: 2731, Time: 00:05:45

Health: 0/32       AC:  2    Str:  9    XL:     4   Next: 74%
Magic:  16/16      EV: 12    Int: 15    God:
Gold:   10         SH:  0    Dex: 15    Spells: 1/7 levels left

rFire    . . .     SeeInvis +     - Unarmed
rCold    . . .     Faith    .   (no shield)
rNeg     . . .     Spirit   .   a - +0 robe
rPois    .         Reflect  .   (helmet currently unavailable)
rElec    .         Harm     .   (no cloak)
rCorr    .         Rampage  .   (no gloves)
Will     .....                  (boots currently unavailable)
Stlth    +.........             (no amulet)
HPRegen  0.30/turn              (no ring)
MPRegen  0.15/turn              f - ring of magical power

@: appendages, regenerating quickly
A: fangs 3, horns 2, talons 2, see invisible, unbreathing 1
a: Exsanguinate, End Transformation


You were on level 3 of the Dungeon.
You had grown temporary horns.
You had grown temporary talons.
You visited 1 branch of the dungeon, and saw 4 of its levels.

You collected 242 gold pieces.
You spent 232 gold pieces at shops.


Innate Abilities, Weirdness & Mutations

Your natural rate of healing is unusually fast.
You have razor-sharp teeth.
You have supernaturally acute eyesight. (SInv)
You can survive without breathing.
You have a pair of horns on your head.
You have razor-sharp toenails.


   Skills:
 - Level 1.0 Fighting
 - Level 2.1 Dodging
 - Level 4.0 Unarmed Combat
 - Level 2.0 Spellcasting
 + Level 4.2 Transmutations
 + Level 2.0 Poison Magic


You had one spell level left.
You knew the following spells:

 Your Spells              Type           Power      Damage    Failure   Level
x - Spider Form           Tmut/Pois      5%         N/A       19%         3
y - Wereblood             Tmut           14%        N/A       6%          2
z - Beastly Appendage     Tmut           28%        N/A       4%          1

Your spell library contained the following spells:

 Spells                   Type           Power      Damage    Failure   Level
 Ice Form                 Ice/Tmut       7%         N/A       67%         4
 Blade Hands              Tmut           7%         N/A       73%         5

Inventory:

Armour
 a - a +0 robe (worn)
 l - a +0 helmet (melded)
 r - a +2 pair of boots (melded)
Jewellery
 f - a ring of magical power (right hand)
Scrolls
 b - 4 scrolls of noise {unknown}
 c - a scroll of random uselessness {unknown}
 d - a scroll of fear {unknown}
 e - 3 scrolls of enchant armour {unknown}
 i - a scroll of amnesia {unknown}
 j - a scroll of enchant weapon {unknown}
 n - a scroll of blinking {unknown}
 o - a scroll of immolation {unknown}
Potions
 g - a potion of flight {unknown}
 h - a potion of invisibility {unknown}
 k - a potion of resistance {unknown}
 m - 2 potions of degeneration {unknown}
 p - a potion of heal wounds {unknown}
 q - a potion of haste {@q3}

Dungeon Overview and Level Annotations

Branches:
Dungeon (4/15)
 Temple: D:4-7

Altars:
Ashenzari
Makhleb
Uskayaw
Xom
Zin

Shops:
D:4 [

Annotations:
D:2 1 runed translucent door, Crazy Yiuf, Sigmund
D:4 Robin

....▒▒▒.▒▒▒▒▒▒▒...▒▒
................▒▒▒
▒▒▒▒▒▒▒.▒▒▒▒▒▒▒▒▒ ▒▒.▒
▒▒▒▒▒▒▒▒▒▒▒▒▒ ▒..▒
▒▒.....▒..<..▒▒ ▒▒▒.▒▒
▒▒.............▒▒ ▒....▒
▒...............▒ ▒....▒
▒))gg...........▒ ▒▒.>..▒
▒..V............▒ ▒▒▒.....▒
▒..gg...........▒ .▒▒.....▒
▒▒▒.............(.▒ ÷.......▒
▒▒..)..............▒
▒▒▒.....▒▒▒..▒▒.............▒▒
............▒▒▒▒...(.▒.....▒▒
▒▒▒▒▒.....▒▒▒ ▒▒▒▒▒▒▒▒▒▒▒▒▒
......▒▒▒.▒ ▒▒▒▒▒▒▒ ▒.▒


You could see a hobgoblin (strong) and 3 goblins.


Message History

Robin roars a battlecry!
The goblins go into a battle-frenzy!
The goblin barely misses you. The goblin barely misses you.
There is a stone staircase leading up here.
The goblin hits you. The hobgoblin hits you with a +0 club.
The goblin closely misses you. The goblin hits you with a +0 dagger.
You climb upwards.
There is a stone staircase leading down here.
Unknown command.
Unknown command.
You barely miss the goblin. Your kick misses the goblin. The goblin hits you.
The hobgoblin hits you with a +0 club.
* * * LOW HITPOINT WARNING * * *
The goblin barely misses you. The goblin hits you but does no damage.
Unknown command.
You barely miss the goblin. The goblin hits you.
* * * LOW HITPOINT WARNING * * *
The goblin hits you.
* * * LOW HITPOINT WARNING * * *
The hobgoblin hits you with a +0 club.
* * * LOW HITPOINT WARNING * * *
The goblin hits you with a +0 dagger.
You die...

Action                   |  1- 3 |  4- 6 || total
-------------------------+-------+-------++-------
Melee: Unarmed           |   137 |    71 ||   208
       Bite              |    11 |     4 ||    15
       Kick              |    16 |    15 ||    31
       Headbutt          |     8 |    11 ||    19
       Punch             |     3 |       ||     3
 Cast: Beastly Appendage |    17 |    15 ||    32
  Use: Potion            |     1 |       ||     1
 Stab: Sleeping          |     2 |       ||     2
Armor: Robe              |    15 |    11 ||    26
Dodge: Dodged            |    88 |    49 ||   137

Levels and vault maps discovered:
D:1:      mrwooster_arrival_statue_2, layout_basic, minmay_crystal_water,
          amcnicky_mini_rare_corridor_liquid
D:2:      layout_basic, general_overflow_altar, uniq_crazy_yiuf_cottage,
          uniq_sigmund
D:3:      layout_rooms, nicolae_overflow_hidden_temple, doesnt_xom_only_xom
D:4:      layout_gridville, serial_shops, kennysheep_mini_moat, uniq_robin

Notes
Turn   | Place    | Note
-------+----------+-------------------------------------------
     0 | D:1      | sanka the Vampire Transmuter began the quest for the Orb.
     0 | D:1      | Reached XP level 1. HP: 14/14 MP: 3/3
    46 | D:1      | Reached skill level 1 in Fighting
   224 | D:1      | Reached skill level 4 in Unarmed Combat
   224 | D:1      | Reached XP level 2. HP: 19/21 MP: 5/5
   701 | D:2      | Learned a level 2 spell: Wereblood
   718 | D:2      | HP: 2/21 [worm (5)]
   730 | D:1      | HP: 1/21 [leopard gecko (3)]
   785 | D:2      | Reached skill level 3 in Transmutations
   903 | D:2      | Noticed Sigmund
  1018 | D:2      | Reached XP level 3. HP: 26/26 MP: 6/6
  1023 | D:2      | Learned a level 3 spell: Spider Form
  1063 | D:2      | Found a runed translucent door.
  1064 | D:2      | Noticed Crazy Yiuf
  1107 | D:2      | Found a burning altar of Makhleb.
  1605 | D:2      | Reached skill level 1 in Poison Magic
  1847 | D:3      | Found a hide-covered altar of Uskayaw.
  1847 | D:3      | Found a broken altar of Ashenzari.
  1850 | D:3      | Reached XP level 4. HP: 30/32 MP: 7/7
  2240 | D:3      | Found a shimmering altar of Xom.
  2240 | D:3      | Found an iron altar of Okawaru.
  2243 | D:3      | Found a snail-covered altar of Cheibriados.
  2243 | D:3      | Found an opulent altar of Gozag.
  2243 | D:3      | Found a sacrificial altar of Ru.
  2471 | D:4      | Reached skill level 4 in Transmutations
  2627 | D:4      | Found Ucvumi Erol's Antique Armour Shoppe.
  2630 | D:4      | Bought a pair of glowing boots for 232 gold pieces
  2691 | D:4      | Noticed Robin
  2710 | D:3      | Reached skill level 2 in Poison Magic
  2731 | D:3      | Slain by a goblin

Vanquished Creatures
  3 adders
  2 oozes
  4 worms
  2 dart slugs
  2 leopard geckos
  4 orcs
  3 ball pythons
  2 giant cockroaches (D:2)
  7 goblins
  3 hobgoblins
  8 jackals
  2 quokkas (D:3)
  4 bats
  3 frilled lizards
  5 kobolds
  7 rats
61 creatures vanquished.
